 Dungeon Crawl Stone Soup version 0.21-a0-237-g87df72b (webtiles) character file.

425 Hocus the Caller (level 6, 27/27 HPs)
             Began as a Felid Summoner on Sept 1, 2017.
             Was a Believer of Sif Muna.
             Quit the game on level 7 of the Dungeon on Sept 2, 2017.
             The game lasted 00:30:48 (7543 turns).

Hocus the Caller (Felid Summoner)                   Turns: 7543, Time: 00:30:48

Health: 27/27      AC:  2    Str:  4    XL:     6   Next: 64%
Magic:  23/23      EV: 18    Int: 18    God:    Sif Muna [**....]
Gold:   373        SH:  0    Dex: 17    Spells: 1/14 levels left
                                        Lives:  0   Deaths: 2

rFire    + . .     SeeInvis +     - Unarmed
rCold    . . .     Gourm    .   (shield unavailable)
rNeg     . . .     Faith    +   (armour unavailable)
rPois    .         Spirit   .   (helmet unavailable)
rElec    .         Reflect  .   (cloak unavailable)
rCorr    .         Harm     .   (gloves unavailable)
MR       .....                  (boots unavailable)
Stlth    +++.......             w - amulet of faith
HPRegen  0.09/turn              v - ring of protection from fire
MPRegen  0.18/turn              l - ring of magical power

@: quick
A: no armour, no weapons or thrown items, stealth, claws 1, fangs 3, see
invisible, carnivore 3, speed 1, shaggy fur 2, slow metabolism 1, sharp paws
a: Divine Energy, Renounce Religion


You were on level 7 of the Dungeon.
You worshipped Sif Muna.
Sif Muna was pleased with you.
You were not hungry.

You visited 1 branch of the dungeon, and saw 7 of its levels.

You collected 373 gold pieces.

Inventory:

Jewellery
 l - a ring of magical power (right paw)
 n - a +3 ring of strength
 s - a +5 ring of protection
 v - a ring of protection from fire (left paw)
 w - an amulet of faith (around neck)
Wands
 p - a wand of scattershot (4/9)
Scrolls
 e - a scroll of fog
 f - 4 scrolls of identify
 h - 6 scrolls of teleportation
 j - a scroll of magic mapping {unknown}
 m - 2 scrolls of remove curse {unknown}
 u - 2 scrolls of enchant weapon {unknown}
Potions
 c - 4 potions of curing
 d - 2 potions of lignification {unknown}
 g - 3 potions of cancellation {unknown}
 k - 2 potions of resistance {unknown}
 o - 3 potions of haste {unknown}
 r - a potion of agility {unknown}
Books
 a - a book of Callings

   Spells                             Type                      Level
   a - Summon Small Mammal            Summoning                    1
   b - Call Imp                       Summoning                    2
   c - Call Canine Familiar           Summoning                    3
   d - Summon Guardian Golem          Hexes/Summoning              3
   e - Summon Lightning Spire         Summoning/Air                4
   f - Summon Ice Beast               Ice/Summoning                4
 t - a book of Minor Magic

   Spells                             Type                      Level
   a - Magic Dart                     Conjuration                  1
   b - Blink                          Translocation                2
   c - Call Imp                       Summoning                    2
   d - Slow                           Hexes                        2
   e - Conjure Flame                  Conjuration/Fire             3
   f - Mephitic Cloud                 Conjuration/Poison/Air       3
Comestibles
 b - 5 meat rations
 q - 3 royal jellies


   Skills:
 + Level 2.8 Fighting
 - Level 2.6 Dodging
 - Level 2.6 Stealth
 - Level 4.0 Unarmed Combat
 + Level 4.7 Spellcasting
 + Level 6.7 Summonings


You had one spell level left.
You knew the following spells:

 Your Spells              Type           Power        Failure   Level  Hunger
a - Summon Small Mammal   Summ           ####         1%          1    None
b - Call Imp              Summ           ####....     1%          2    #......
c - Call Canine Familiar  Summ           ####....     2%          3    ###....
d - Summon Guardian Gole  Hex/Summ       ###.....     10%         3    ###....
e - Summon Ice Beast      Ice/Summ       ###.....     32%         4    ####...


Dungeon Overview and Level Annotations

Branches:
Dungeon (7/15)             Temple (0/1) D:4

Altars:
Fedhas
Kikubaaqudgha
Makhleb
Qazlal
Sif Muna
Trog
Zin

Shops:
D:6 (


Innate Abilities, Weirdness & Mutations

You cannot wear armour.
You are incapable of wielding weapons or throwing items.
Your paws allow you to move quietly. (Stealth)
You have sharp claws.
You have razor-sharp teeth.
You have supernaturally acute eyesight. (SInv)
You are carnivorous and can eat meat at any time.
You cover ground quickly.
You are covered in thick fur. (AC +2)
You have a slow metabolism.
Your sharp claws are effective at attacking unaware monsters.


Message History

The ice beast misses your crimson imp.
You barely miss the ice beast.
The ice beast is lightly wounded.
Your crimson imp hits the ice beast.
Your crimson imp blinks!
The ice beast hits you. The ice beast freezes you!
Your crimson imp hits the ice beast but does no damage.
The ice beast hits you. The ice beast freezes you!
You die...
You are now level 6!
You rejoin the land of the living...
Found a ring mail and a flail.
Welcome back, Hocus the Felid Summoner.
Sif Muna whispers: I know many secrets...
Press ? for a list of commands and other information.
Unknown command.
Cast which spell? (? or * to list)
Okay, then.
Okay, then.
Are you sure you want to abandon this character and quit the game? (Confirm with "yes".)

#.Y†# #..r#
#...# ..§<.#
######
###...#
#.)..# #..5#
#....# #...#
#....# #.5.#
#....#
#.@..#
#[......#
#.........#
###.##.##..#
# #. #..# #.
#.# #. .# #.
#


There were no monsters in sight!

Vanquished Creatures
  A crimson imp (D:6)
  A bullfrog zombie (D:5)
  A worker ant (D:6)
  2 adders (D:4)
  5 oozes
  A worm (D:2)
  2 dart slugs
  5 leopard geckos
  3 orcs
  A ball python (D:2)
  4 bats
  3 giant cockroaches
  7 hobgoblins
  A jackal (D:2)
  4 frilled lizards
  4 goblins
  A jackal skeleton (D:5)
  5 kobolds
  A leopard gecko skeleton (D:4)
  6 rats
58 creatures vanquished.

Vanquished Creatures (collateral kills)
  A black bear (D:6)
  2 orc warriors (D:6)
  A phantom (D:4)
  A centaur (D:4)
  A scorpion (D:6)
  A crimson imp (D:5)
  A bullfrog zombie (D:4)
  A centaur zombie (D:6)
  2 jellies (D:2)
  An orc priest (D:3)
  2 hounds (D:6)
  4 orc wizards
  2 bullfrog skeletons
  Ijyb (D:3)
  Natasha (thrice) (D:2)
  3 worker ants
  4 gnolls (D:6)
  5 adders
  A shadow imp (D:5)
  6 oozes (D:2)
  A worm (D:2)
  4 dart slugs
  3 leopard geckos
  11 orcs
  4 giant cockroaches
  3 goblins
  6 hobgoblins
  5 jackals (D:2)
  A quokka (D:4)
  2 bats (D:1)
  2 frilled lizards
  9 kobolds
  A leopard gecko zombie (D:5)
  A quokka skeleton (D:4)
  3 rats
  A butterfly (D:4)
  A fungus (D:2)
101 creatures vanquished.

Vanquished Creatures (others)
  An orc (D:3)
  A leopard gecko skeleton (D:4)
  A fungus (D:2)
  7 toadstools (D:2)
10 creatures vanquished.

Grand Total: 169 creatures vanquished

Notes
Turn   | Place    | Note
-------+----------+-------------------------------------------
     0 | D:1      | Hocus the Felid Summoner began the quest for the Orb.
     0 | D:1      | Reached XP level 1. HP: 7/7 MP: 4/4
   796 | D:1      | Reached XP level 2. HP: 11/11 MP: 0/6
   964 | D:1      | Learned a level 2 spell: Call Imp
  1204 | D:1      | Reached skill level 1 in Unarmed Combat
  1479 | D:2      | Found a deep blue altar of Sif Muna.
  1482 | D:2      | Became a worshipper of Sif Muna the Loreminder
  1572 | D:2      | Noticed Natasha
  1584 | D:2      | Killed Natasha
  1584 | D:2      | Reached XP level 3. HP: 14/14 MP: 1/7
  1650 | D:2      | Learned a level 3 spell: Call Canine Familiar
  1877 | D:2      | Noticed Natasha
  1880 | D:2      | Killed Natasha
  2033 | D:2      | Reached XP level 4. HP: 14/18 MP: 9/9
  2217 | D:2      | Found a glowing silver altar of Zin.
  2253 | D:2      | Noticed Natasha
  2270 | D:2      | Killed Natasha
  2821 | D:2      | Reached skill level 5 in Summonings
  2823 | D:2      | Reached XP level 5. HP: 21/21 MP: 3/10
  2838 | D:2      | Reached * piety under Sif Muna
  2970 | D:2      | Learned a level 3 spell: Summon Guardian Golem
  3451 | D:3      | Found a blossoming altar of Fedhas.
  3487 | D:3      | Noticed Ijyb
  3515 | D:3      | Slain by Ijyb
  3516 | D:3      | Reached XP level 4. HP: -2/18 MP: 0/10
  4201 | D:3      | Killed Ijyb
  4578 | D:3      | Reached XP level 5. HP: 21/21 MP: 4/11
  4731 | D:4      | Noticed a centaur
  4737 | D:4      | Killed a centaur
  4945 | D:4      | Noticed a phantom
  4956 | D:4      | Found a stormy altar of Qazlal.
  5010 | D:4      | Killed a phantom
  5010 | D:4      | Gained mutation: You are covered in thick fur. (AC +2) [Felid growth]
  5010 | D:4      | Reached XP level 6. HP: 21/24 MP: 5/13
  5052 | D:4      | Learned a level 4 spell: Summon Ice Beast
  5307 | D:4      | Found a staircase to the Ecumenical Temple.
  5359 | D:4      | Found a burning altar of Makhleb.
  5616 | D:5      | Entered Level 5 of the Dungeon
  5696 | D:5      | Reached skill level 6 in Summonings
  5846 | D:5      | Found an ancient bone altar of Kikubaaqudgha.
  6263 | D:5      | Reached skill level 1 in Fighting
  6580 | D:6      | Reached XP level 7. HP: 28/28 MP: 13/14
  6870 | D:6      | Reached ** piety under Sif Muna
  6904 | D:6      | Found a burning altar of Makhleb.
  6982 | D:6      | Found Tugya's Antique Weapon Boutique.
  7101 | D:6      | Found a bloodstained altar of Trog.
  7542 | D:7      | Slain by an ice beast
  7543 | D:7      | Reached XP level 6. HP: -4/27 MP: 1/23
  7543 | D:7      | Upgraded the game from 0.21-a0-229-g3587535 to 0.21-a0-237-g87df72b
  7543 | D:7      | Quit the game

Vault maps used:
D:1:      minmay_arrival_loop
D:2:      cheibrodos_fertilizer, lemuel_blue_sif_altar, zin_academy,
          nicolae_overflow_hidden_temple, uniq_natasha
D:3:      overflow_temple_1_default, uniq_ijyb
D:4:      lemuel_doored_altar, minmay_temple_entry_butterflies, first_bread,
          grunt_qazlal_clouds
D:5:      lemuel_crystal_altar, kennysheep_doodads, minmay_misc_feat_pillars,
          grunt_ministairs_15
D:6:      trog_ov_bears_minmay, serial_shops, shop, makhleb_heckhound_becter
D:7:      uniq_prince_ribbit1

Skill      XL: |  1  2  3  4  5  6  7 |
---------------+----------------------+-----
Unarmed Combat | 1 2 3 4 |  4.0
Spellcasting   | 3 4 |  4.7
Summonings     | 5 6 |  6.7
Fighting       | 1 2 |  2.8
Dodging        | |  2.6
Stealth        | |  2.6

Action                   |  1- 3 |  4- 6 |  7- 9 || total
-------------------------+-------+-------+-------++-------
Melee: Unarmed           |    61 |   150 |    47 ||   258
       Bite              |     3 |    13 |     6 ||    22
       Punch             |       |     2 |       ||     2
 Cast: Summon Small Mamm |    37 |     2 |       ||    39
       Call Imp          |     7 |    58 |    32 ||    97
       Call Canine Famil |     1 |    26 |     7 ||    34
       Summon Guardian G |       |     9 |     9 ||    18
       Summon Ice Beast  |       |       |     2 ||     2
  Use: Potion            |       |     2 |     2 ||     4
       Scroll            |       |       |     3 ||     3
 Stab: Sleeping          |     8 |    13 |     2 ||    23
       Distracted        |       |     3 |       ||     3
  Eat: Chunk             |    10 |    15 |     7 ||    32
Armor: Skin              |    10 |     6 |     3 ||    19
Dodge: Dodged            |    78 |   122 |    32 ||   232

Table legend:
 A = Spawn XP
 B = Non-spawn XP
 C = Spawn XP percentage of total XP
 D = Spawn monster count
 E = Non-spawn monster count
 F = Spawn count percentage of total count
 G = Total turns spent on level
                    A         B        C        D         E        F      G
               +---------+---------+-------+---------+---------+-------+---------
         Total |      92 |    1222 |   7.0 |      22 |     136 |  13.9 |  7543
               +---------+---------+-------+---------+---------+-------+---------
           D:1 |       6 |      25 |  19.4 |       5 |      17 |  22.7 |  1441
           D:2 |      20 |     205 |   8.9 |       9 |      49 |  15.5 |  2312
           D:3 |      26 |      63 |  29.2 |       4 |      24 |  14.3 |   958
           D:4 |      32 |     285 |  10.1 |       2 |      17 |  10.5 |   905
           D:5 |       8 |     134 |   5.6 |       2 |       9 |  18.2 |   783
           D:6 |       0 |     510 |   0.0 |       0 |      20 |   0.0 |  1132
               +---------+---------+-------+---------+---------+-------+---------
